 Dungeon Crawl Stone Soup version 0.27.1-34-g3ba077fa99 (webtiles) character file.

Game seed: 3570654129818327457

89 Delamore the Sneak (level 4, 0/29 HPs)
             Began as an Octopode Brigand on Feb 8, 2022.
             Slain by Grinder (9 damage)
             ... while paralysed by Grinder
             ... on level 3 of the Dungeon.
             The game lasted 00:01:42 (2593 turns).

Delamore the Sneak (Octopode Brigand)               Turns: 2593, Time: 00:01:43

Health: 0/29       AC:  1    Str: 10    XL:     4   Next: 55%
Magic:  4/4        EV:  2    Int: 13    God:
Gold:   67         SH:  0    Dex: 14    Spells: 3/3 levels left

rFire    + . .     SeeInvis .   a - +2 dagger
rCold    . . .     Faith    .   (no shield)
rNeg     . . .     Spirit   .   (helmet restricted)
rPois    .         Reflect  .   (no amulet)
rElec    .         Harm     .   i - ring of protection from fire
rCorr    .         Rampage  .   (no ring)
Will     .....                  (no ring)
Stlth    +++++.....             (no ring)
HPRegen  0.09/turn              (no ring)
MPRegen  0.09/turn              (no ring)
                                (no ring)
                                (no ring)

@: paralysed
A: almost no armour, amphibious, 8 rings, camouflage 1, gelatinous body 1,
(nimble swimmer 1), tentacles
a: no special abilities


You were on level 3 of the Dungeon.
You visited 1 branch of the dungeon, and saw 3 of its levels.

You collected 67 gold pieces.

Inventory:

Hand Weapons
 a - a +2 dagger (weapon)
Missiles
 b - 8 poisoned darts
 c - 2 curare-tipped darts (quivered)
Armour
 k - a +2 kite shield
Jewellery
 i - a ring of protection from fire (left tentacle)
Scrolls
 d - a scroll of vulnerability
 e - a scroll of fog {unknown}
 f - a scroll of fear
 g - a scroll of brand weapon {unknown}
 h - a scroll of teleportation {unknown}
 j - a scroll of enchant weapon {unknown}


   Skills:
 - Level 2.0 Fighting
 + Level 3.0 Short Blades
 - Level 2.0 Throwing
 - Level 1.0 Dodging
 * Level 7.3 Stealth


You had 3 spell levels left.
You didn't know any spells.
Your spell library contained the following spells:

 Spells                   Type           Power      Damage    Failure   Level
 Corona                   Hex            0%         N/A       30%         1
 Ensorcelled Hibernation  Hex/Ice        0%         N/A       43%         2
 Tukima's Dance           Hex            0%         N/A       67%         3


Dungeon Overview and Level Annotations

Branches:
Dungeon (3/15)

Altars:

Annotations:
D:3 Grinder


Innate Abilities, Weirdness & Mutations

You cannot wear most types of armour.
You are amphibious.
You can wear up to eight rings at the same time.
Your skin changes colour to match your surroundings (Stealth+).
Your rubbery body absorbs attacks. (AC +1, EV +1)
((You are camouflaged near water. (Stealth+)))
You have tentacles for arms and can constrict up to eight enemies at once.


Message History

You kill the ball python!
No target in view!
Grinder comes into view.
Found 10 gold pieces.
Grinder is nearby!
Found 28 stones.
Found 11 gold pieces.
Grinder shouts!
Grinder gestures at you. Pain shoots through your body!
A hobgoblin comes into view.
The hobgoblin shouts!
You hit Grinder. Your grab misses Grinder.
Grinder is lightly wounded.
Grinder misses you.
You closely miss Grinder. Your grab misses Grinder.
Grinder is lightly wounded.
Press: ? - help, v - describe, . - travel
Here: Grinder (lightly wounded)
The floor.
You aren't carrying any items that you can evoke.
Unknown command.
You aren't carrying any potions.
Unknown command.
You barely miss Grinder. You grab Grinder.
Grinder is lightly wounded.
You constrict Grinder, but do no damage.
Grinder hits you!
You writhe in agony.
You hit Grinder but do no damage.
Grinder is lightly wounded.
You constrict Grinder. Grinder gestures at you.
You suddenly lose the ability to move!
You lose your grip on Grinder.
Grinder gestures at you.
You shrug off the repeated paralysis!
Grinder hits you but does no damage. x2
The hobgoblin hits you. Grinder hits you. The hobgoblin hits you.
Grinder hits you!
You die...

#.... ##.##
##### #... #..#
## ##..##
.###.. ....# #
..$...##.#.#.#
#.
#..5g.#.#(#....
..$#@........#
#.......###..#
####.#....# .#
#.#.##.#..#
#.#.##.#..#
#.........#
####
######†####
#.). #......#
#.##
#.#.##.#####.##


You could see Grinder and a hobgoblin.

Vanquished Creatures
  2 adders (D:2)
  2 worms (D:2)
  3 dart slugs
  6 orcs (D:3)
  4 ball pythons
  4 bats (D:1)
  4 endoplasms
  11 hobgoblins
  2 kobolds
  3 quokkas (D:1)
  2 frilled lizards
  2 goblins (D:1)
  7 rats
52 creatures vanquished.

Vanquished Creatures (others)
  2 fungi (D:3)
2 creatures vanquished.

Grand Total: 54 creatures vanquished

Notes
Turn   | Place    | Note
-------+----------+-------------------------------------------
     0 | D:1      | Delamore the Octopode Brigand began the quest for the Orb.
     0 | D:1      | Reached XP level 1. HP: 14/14 MP: 1/1
   271 | D:1      | Reached XP level 2. HP: 14/19 MP: 2/2
   654 | D:1      | Reached skill level 6 in Stealth
   903 | D:1      | Reached XP level 3. HP: 24/24 MP: 3/3
  1782 | D:2      | Reached skill level 7 in Stealth
  1782 | D:2      | Reached XP level 4. HP: 25/29 MP: 4/4
  2579 | D:3      | Noticed Grinder
  2588 | D:3      | Paralysed by Grinder for 7 turns
  2593 | D:3      | Slain by Grinder

Illustrated notes

Levels and vault maps discovered:
D:1:      minmay_arrival_hallway, layout_loops_corners, serial_aquarium,
          aquarium_bridge_long_joined [aquarium_subvault_window,
          aquarium_subvault_window, aquarium_subvault_wall,
          aquarium_subvault_bridge, aquarium_subvault_bridge,
          aquarium_subvault_bridge], aquarium_bridge_island_small
          [aquarium_subvault_small_water, aquarium_subvault_window,
          aquarium_subvault_wall, aquarium_subvault_window,
          aquarium_subvault_bridge], aquarium_window_corridor_1,
          aquarium_window_1, aquarium_view_2c, aquarium_balcony_1a,
          hangedman_decor_points
D:2:      layout_basic, serial_rivers, chequers_serial_rivers_micro_d,
          chequers_serial_rivers_micro_a, chequers_serial_rivers_micro_c,
          chequers_serial_rivers_marsh, chequers_serial_rivers_small_b
D:3:      layout_loops_cross, lemuel_tele_altar,
          shapermc_ecumenical_altar_mp_urbaneastern, grunt_ministairs_2,
          uniq_crazy_yiuf_cottage, uniq_grinder, uniq_natasha

Skill      XL: |  1  2  3  4 |
---------------+-------------+-----
Stealth        | 6 7 |  7.3
Short Blades   | 3 |  3.0
Fighting       | |  2.0
Throwing       | |  2.0
Dodging        | |  1.0

Action                   |  1- 3 |  4- 6 || total
-------------------------+-------+-------++-------
Melee: Dagger            |    71 |    30 ||   101
       Constrict         |    19 |     5 ||    24
       Tentacles         |     9 |     2 ||    11
  Use: Scroll            |     1 |     1 ||     2
 Stab: Sleeping          |    14 |     9 ||    23
Armor: Skin              |     5 |     4 ||     9
Dodge: Dodged            |    30 |     8 ||    38
